 Dungeon Crawl Stone Soup version 0.18-a0-1414-gcd7f35e (webtiles) character file.

4503 Oddball22 the Fighter (level 10, -8/80 HPs)
             Began as a Demonspawn Artificer on Feb 26, 2016.
             Was an Elder of Pakellas.
             Mangled by a polar bear (13 damage)
             ... on level 8 of the Dungeon.
             The game lasted 00:27:13 (7441 turns).

Oddball22 the Fighter (Demonspawn Artificer)        Turns: 7441, Time: 00:27:13

Health: -8/80      AC: 14    Str: 11    XL:     10   Next: 16%
Magic:  23/23      EV: 15    Int: 13    God:    Pakellas [****..]
Gold:   473        SH:  0    Dex: 22    Spells: 0 memorised, 9 levels left

rFire  x . .     SeeInvis .     Y - +0 dagger (venom)
rCold  + . .     Gourm    .     i - +3 ring mail
rNeg   . . .     Faith    .     (no shield)
rPois  .         Spirit   .     k - +1 hat
rElec  .         Dismiss  .     m - +2 cloak
rCorr  .         Reflect  .     K - +0 pair of gloves (curse)
SustAt .         Harm     .     (no boots)
MR     .....                    (no amulet)
Stlth  ++++++....               b - ring of ice
                                l - ring of magical power

@: not resistant to hostile enchantments, very stealthy
A: horns 1, thin skeletal structure 2, nightstalker 2
a: Quick Charge, Device Surge, Renounce Religion


You were on level 8 of the Dungeon.
You worshipped Pakellas.
Pakellas was greatly pleased with you.
You were not hungry.

You visited 1 branch of the dungeon, and saw 8 of its levels.

You collected 473 gold pieces.

Inventory:

Hand Weapons
 o - a +2 whip of flaming
 X - a +0 dagger of draining
 Y - a +0 dagger of venom (weapon)
Missiles
 a - 74 arrows
 v - 61 bolts
 J - 3 tomahawks
 T - 72 poisoned needles
 V - 2 javelins (quivered)
Armour
 i - a +3 ring mail (worn)
 k - a +1 hat (worn)
 m - a +2 cloak (worn)
 I - the +1 leather armour "Etiazitz" {rC- Str+5 Dex+4}
   (You found it on level 5 of the Dungeon)

   It affects your strength (+5).
   It affects your dexterity (+4).
   It makes you vulnerable to cold.
 K - a cursed +0 pair of gloves (worn)
Rods
 Z - a +2 rod of inaccuracy (11/11)
   (Pakellas gifted it to you on level 8 of the Dungeon)
Jewellery
 b - a ring of ice (right hand)
 l - a ring of magical power (left hand)
 w - an uncursed ring of wizardry
Wands
 c - a wand of flame (0/48)
 d - a wand of enslavement (15/24)
 e - a wand of random effects (15/48)
 t - a wand of iceblast (7/15)
 P - a wand of acid (5/15)
 S - a wand of confusion (21/48)
Scrolls
 n - 6 scrolls of teleportation {unknown}
 p - a scroll of enchant weapon {unknown}
 s - 4 scrolls of recharging {unknown}
 u - a scroll of vulnerability {unknown}
 x - 2 scrolls of fear {unknown}
 y - 3 scrolls of remove curse {unknown}
 B - 2 scrolls of random uselessness {unknown}
 H - 4 scrolls of blinking {unknown}
 Q - 6 scrolls of identify
 R - a scroll of noise {unknown}
 U - 3 scrolls of magic mapping {unknown}
Potions
 g - a potion of cure mutation
 h - 2 potions of degeneration {unknown}
 j - 2 potions of agility
 z - 2 potions of resistance {unknown}
 C - a potion of invisibility {unknown}
 D - 2 potions of berserk rage {unknown}
 E - a potion of experience {unknown}
 F - a potion of flight
 M - a potion of brilliance {unknown}
 N - 2 potions of lignification {unknown}
 O - 2 potions of heal wounds {unknown}
Books
 G - a book of Summonings

   Spells                             Type                      Level
   a - Recall                         Summoning/Translocation      3
   b - Aura of Abjuration             Summoning                    5
   c - Summon Demon                   Summoning                    5
   d - Summon Forest                  Summoning/Translocation      5
   e - Summon Mana Viper              Hexes/Summoning              5
   f - Shadow Creatures               Summoning                    6
 L - a book of Envenomations

   Spells                             Type                      Level
   a - Spider Form                    Transmutation/Poison         3
   b - Olgreb's Toxic Radiance        Poison                       4
   c - Alistair's Intoxication        Transmutation/Poison         5
   d - Poisonous Cloud                Conjuration/Poison/Air       6
Comestibles
 f - 5 bread rations
 q - 2 slices of pizza
 r - a meat ration
 A - 2 beef jerkies
 W - 5 fruits


   Skills:
 + Level 8.1 Fighting
 + Level 3.2 Short Blades
 - Level 4.7 Armour
 + Level 6.5 Dodging
 + Level 6.4 Stealth
 + Level 5.8 Evocations


You had 9 spell levels left.
You didn't know any spells.

Dungeon Overview and Level Annotations

Branches:
Dungeon (8/15)             Temple (0/1) D:4
   Lair: D:8-11

Altars:
Cheibriados
Gozag
Makhleb
Okawaru
Pakellas
Ru
Xom
Zin
The Shining One


Innate Abilities, Weirdness & Mutations

You have a pair of small horns on your head.
You have a moderately thin skeletal structure (Dex +4, Stealth+).
You are significantly more attuned to the shadows.


Message History

The polar bear barely misses you. The polar bear bites you!
* * * LOW HITPOINT WARNING * * *
The polar bear barely misses you. x2
You hit the polar bear but do no damage.
You headbutt the polar bear.
The polar bear is almost dead.
The polar bear misses you. The polar bear barely misses you. x2
You hit the polar bear.
You headbutt the polar bear, but do no damage.
The polar bear is almost dead.
The polar bear bites you!
* * * LOW HITPOINT WARNING * * *
The polar bear claws you.
* * * LOW HITPOINT WARNING * * *
The polar bear barely misses you.
You hit the polar bear.
The polar bear is almost dead.
The polar bear bites you!
You die...
Pakellas says: Time to start the next experiment...

###........⌠....#
................####
..<..##.._.....#...##
......)...........>..
#....#####....%..#.##.......
... #######.#.##.#..... ..
#..#.##.....≈≈ ..
#..%.##....≈≈≈ ..
###.@####..†.;≈≈ ##
#..h.##......≈≈≈ #
#.#.###.###...≈≈ #
#.#..........h≈. #
#.########.....[ ##### #.#
.....# ....# #.# ######
≈≈..# #.#
≈≈..##################


You could see a polar bear (berserk).

Vanquished Creatures
  Pikel (D:5)
  3 polar bears (D:8)
  2 hippogriffs
  3 wolves (D:8)
  Duvessa (D:5)
  An orc warrior (D:8)
  A sky beast (D:8)
  3 ice beasts
  8 ogres
  2 centaurs (D:6)
  4 giant frogs
  Dowan (D:5)
  A scorpion (D:7)
  4 electric eels (D:8)
  2 crimson imps
  2 centaur zombies
  An orc priest (D:3)
  3 hounds
  3 iron imps (D:8)
  A giant frog skeleton (D:7)
  3 iguanas
  A worker ant (D:5)
  6 orc wizards
  A hound skeleton (D:8)
  A hound zombie (D:8)
  A howler monkey zombie (D:5)
  3 gnolls (D:3)
  7 adders
  3 shadow imps
  3 white imps (D:8)
  2 adder zombies
  An ooze (D:6)
  An adder skeleton (D:8)
  A worm (D:5)
  4 dart slugs
  8 giant geckos
  19 orcs
  A ball python (D:2)
  4 bats
  7 giant cockroaches
  8 hobgoblins
  2 jackals (D:3)
  7 giant newts
  5 goblins
  8 kobolds
  A quokka skeleton (D:4)
  7 rats
162 creatures vanquished.

Vanquished Creatures (others)
  A slave (D:5)
1 creature vanquished.

Grand Total: 163 creatures vanquished

Notes
Turn   | Place    | Note
--------------------------------------------------------------
     0 | D:1      | Oddball22 the Demonspawn Artificer began the quest for the Orb.
     0 | D:1      | Reached XP level 1. HP: 15/15 MP: 3/3
   313 | D:1      | Gained mutation: You are slightly more attuned to the shadows. [demonic ancestry]
   313 | D:1      | Reached XP level 2. HP: 21/21 MP: 4/4
   928 | D:2      | Reached skill level 2 in Fighting
   928 | D:2      | Gained mutation: You are significantly more attuned to the shadows. [demonic ancestry]
   928 | D:2      | Reached XP level 3. HP: 27/27 MP: 5/5
  1274 | D:2      | Found a snail-covered altar of Cheibriados.
  1452 | D:2      | Reached skill level 1 in Stealth
  1819 | D:3      | Gained mutation: You have a somewhat thin skeletal structure (Dex +2, Stealth). [demonic ancestry]
  1819 | D:3      | Reached XP level 4. HP: 30/34 MP: 6/6
  1856 | D:3      | Found a glowing golden altar of the Shining One.
  1931 | D:3      | Found an oddly glowing altar of Pakellas.
  1946 | D:3      | Became a worshipper of Pakellas the Inventive
  2027 | D:3      | Reached skill level 3 in Fighting
  2027 | D:3      | Reached skill level 1 in Armour
  2158 | D:3      | Reached XP level 5. HP: 26/41 MP: 7/7
  3002 | D:4      | Found a staircase to the Ecumenical Temple.
  3131 | D:4      | Reached * piety under Pakellas
  3557 | D:5      | Entered Level 5 of the Dungeon
  3561 | D:5      | Got a dazzling leather armour
  3562 | D:5      | Identified the +1 leather armour "Etiazitz" {rC- Str+5 Dex+4} (You found it on level 5 of the Dungeon)
  3595 | D:5      | Reached XP level 6. HP: 48/48 MP: 8/8
  3638 | D:5      | Found an oddly glowing altar of Pakellas.
  3719 | D:5      | Noticed Dowan
  3818 | D:5      | Killed Dowan
  3818 | D:5      | Reached skill level 4 in Fighting
  3823 | D:5      | Noticed Duvessa
  3880 | D:5      | Killed Duvessa
  4130 | D:5      | Noticed Pikel
  4130 | D:5      | Noticed a slave
  4130 | D:5      | Noticed a slave
  4130 | D:5      | Noticed a slave
  4131 | D:5      | Noticed a slave
  4177 | D:5      | Killed Pikel
  4177 | D:5      | Reached skill level 5 in Fighting
  4177 | D:5      | Gained mutation: You have a moderately thin skeletal structure (Dex +4, Stealth+). [demonic ancestry]
  4177 | D:5      | Reached XP level 7. HP: 15/57 MP: 9/9
  4409 | D:5      | Gained mutation: You have a pair of small horns on your head. [demonic ancestry]
  4409 | D:5      | Reached XP level 8. HP: 52/64 MP: 10/10
  4522 | D:5      | Reached skill level 6 in Fighting
  4733 | D:6      | Found an opulent altar of Gozag.
  4898 | D:6      | Found a shimmering altar of Xom.
  4898 | D:6      | Noticed an angel
  4993 | D:6      | Reached ** piety under Pakellas
  4993 | D:6      | Received a gift from Pakellas
  5014 | D:5      | Reached skill level 5 in Dodging
  5434 | D:6      | Found a glowing silver altar of Zin.
  5750 | D:7      | Reached XP level 9. HP: 50/71 MP: 12/12
  5882 | D:7      | Reached skill level 5 in Stealth
  5998 | D:7      | Reached skill level 7 in Fighting
  6357 | D:7      | Reached skill level 1 in Short Blades
  6436 | D:8      | Reached *** piety under Pakellas
  6728 | D:8      | Found a burning altar of Makhleb.
  6876 | D:8      | Noticed a polar bear
  6885 | D:8      | Noticed a polar bear
  6893 | D:8      | Killed a polar bear
  6893 | D:8      | Reached skill level 5 in Evocations
  6925 | D:8      | Killed a polar bear
  7277 | D:8      | Reached XP level 10. HP: 80/80 MP: 14/14
  7306 | D:8      | Found a sacrificial altar of Ru.
  7310 | D:8      | Found an iron altar of Okawaru.
  7339 | D:8      | Reached skill level 8 in Fighting
  7379 | D:8      | Reached **** piety under Pakellas
  7379 | D:8      | Received a gift from Pakellas
  7441 | D:8      | Mangled by a polar bear

Vault maps used:
D:1:      erik_arrival_triangle_small
D:2:      overflow_temple_1_default, minivault_24
D:3:      old_standard_altar, old_standard_altar, first_bread
D:4:      minmay_temple_entry_glass
D:5:      grunt_pakellas_mercury, uniq_pikel, uniq_duvessa
D:6:      grunt_temple_overflow_order_and_chaos_1, lemuel_doored_altar
D:8:      demons_altar, lemuel_zombie_altar_kikubaaqudgha,
          kennysheep_little_box, elyvilon_altar_3, grunt_temple_overflow_open,
          serial_ice, serial_ice_d, serial_ice_j, serial_ice_m, serial_ice_h,
          serial_ice_f, serial_ice_o

Skill      XL: |  1  2  3  4  5  6  7  8  9 10 |
---------------+-------------------------------+-----
Dodging        | 2 3 4 5 6 |  6.5
Fighting       | 2 3 5 6 7 8 |  8.1
Stealth        | 1 2 3 4 6 |  6.4
Armour         | 1 3 4 |  4.7
Evocations     | 4 5 |  5.8
Short Blades   | 2 3 |  3.2

Action                   |  1- 3 |  4- 6 |  7- 9 | 10-12 || total
-------------------------+-------+-------+-------+-------++-------
Melee: Short sword       |    95 |       |       |       ||    95
       Spear             |    57 |   148 |   194 |       ||   399
       Dagger            |       |       |   256 |    33 ||   289
       Whip              |       |       |    22 |     4 ||    26
Throw: Javelin           |       |       |     4 |       ||     4
Evoke: Wand              |     2 |    11 |     2 |       ||    15
  Use: Scroll            |     4 |     2 |       |       ||     6
       Potion            |       |     4 |     1 |       ||     5
 Stab: Sleeping          |    16 |     8 |    20 |     5 ||    49
       Distracted        |       |       |     1 |     1 ||     2
  Eat: Chunk             |     2 |     8 |    11 |     1 ||    22
